 Dungeon Crawl Stone Soup version 0.32-a0-711-g016ad743e0 (webtiles) character file.

Game seed: 17608116820509096208

1241 hikkokomori the Shooter (level 8, -7/67 HPs)
             Began as a Coglin Hunter on Mar 15, 2024.
             Mangled by a wight
             ... wielding a +3 trident
              (8 damage)
             ... on level 7 of the Dungeon.
             The game lasted 00:10:06 (5400 turns).

hikkokomori the Shooter (Coglin Hunter)             Turns: 5400, Time: 00:10:07

Health: -7/67      AC:  6    Str: 12    XL:     8   Next: 49%
Magic:  8/8        EV: 10    Int:  9    God:
Gold:   369        SH:  0    Dex: 19    Spells: 7/7 levels left

rFire   . . .        p - +2 broad axe (venom) {Suchat}
rCold   . . .        r - +2 war axe (flame) {Frauke}
rNeg    . . .        v - +0 ring mail {Will+}
rPois   .            (no helmet)
rElec   .            f - +0 cloak
rCorr   .            (no gloves)
SInv    .            (no boots)
Will    +....        (amulet unavailable)
Stlth   +            (ring unavailable)
HPRegen 0.31/turn    (ring unavailable)
MPRegen 0.11/turn    (no gizmo)

%: no passive effects
@: invisible, revving
A: off-hand wielding, slow wielding, warmup strikes, no jewellery
a: Invent Gizmo


You were on level 7 of the Dungeon.
You visited 1 branch of the dungeon, and saw 7 of its levels.

You collected 369 gold pieces.

Inventory:

Hand Weapons
 a - a +3 sling {Kanchana}
 d - a +0 sling {Nittaya}
 m - a +3 dagger of draining
 p - a +2 broad axe of venom (weapon) {Suchat}
 q - a +0 hand axe
 r - a +2 war axe of flaming (offhand) {Frauke}
Armour
 c - a +0 leather armour
 f - a +0 cloak (worn)
 v - a +0 ring mail of willpower (worn)
Scrolls
 b - a scroll of butterflies
 n - a scroll of torment {unknown}
 o - 3 scrolls of fear
 s - a scroll of identify
Potions
 e - 2 potions of curing
 g - a potion of berserk rage {unknown}
 h - 3 potions of lignification
 i - 2 potions of invisibility
 j - a potion of cancellation
 k - a potion of resistance {unknown}
 l - a potion of might {unknown}
 t - a potion of brilliance
 u - a potion of mutation {unknown}
 w - a potion of heal wounds


   Skills:
 + Level 7.0 Fighting
 + Level 3.1 Axes
 - Level 7.0 Ranged Weapons
 - Level 1.7 Dodging
 - Level 0.7 Stealth


You had 7 spell levels left.
You didn't know any spells.
Your spell library contained the following spells:

 Spells                   Type           Power      Damage    Failure   Level
 Apportation              Tloc           0%         N/A       67%         1
 Necrotise                Necr           0%         1d4       67%         1
 Sting                    Conj/Alch      0%         1d3       67%         1
 Summon Small Mammal      Summ           0%         N/A       67%         1
 Static Discharge         Conj/Air       0%         3-3/arc   80%         2
 Airstrike                Air            0%         2d(0-16)  100%        4
 Cause Fear               Hex            0%         N/A       100%        4
 Summon Lightning Spire   Summ/Air       0%         N/A       100%        4
 Fireball                 Conj/Fire      0%         3d3       100%        5
 Dragon's Call            Summ           0%         N/A       100%        9


Dungeon Overview and Level Annotations

Branches:
Dungeon (7/15)
 Temple: D:4-7

Altars:
Dithmenos
Hepliaklqana

Annotations:
D:5 1 runed translucent door, kd29's ghost, novice TrWr


Innate Abilities, Weirdness & Mutations

You can wield a second weapon in your off-hand.
It takes a long time for you to wield or remove held weapons.
Your first few attacks do less damage.
You cannot equip rings or amulets.


Message History

You are too injured to fight recklessly!
You are too injured to fight recklessly!
You are too injured to fight recklessly!
You are too injured to fight recklessly!
You are too injured to fight recklessly!
You are too injured to fight recklessly!
You are too injured to fight recklessly!
You are too injured to fight recklessly!
You are too injured to fight recklessly!
You are too injured to fight recklessly!
You are too injured to fight recklessly!
You are too injured to fight recklessly!
You are too injured to fight recklessly!
You are too injured to fight recklessly!
Unknown command.
A wight comes into view. It is wielding a +0 hand axe.
A wight comes into view.
It is wielding a +2 short sword of freezing.
The steam dragon breathes steam at you. The ball of steam hits you!
You barely miss the steam dragon with your +2 war axe of flaming.
You hit the steam dragon with your +2 broad axe of venom.
The steam dragon barely misses you.
The steam dragon claws you but does no damage.
You barely miss the steam dragon with your +2 broad axe of venom.
The steam dragon is lightly wounded.
You slash the steam dragon with your +2 war axe of flaming!
You burn the steam dragon. The steam dragon closely misses you.
The steam dragon claws you. The wight misses you.
The steam dragon breathes steam at you. The ball of steam hits you!
* * * LOW HITPOINT WARNING * * *
The wight hits you from afar with a +3 trident!
* * * LOW HITPOINT WARNING * * *
The steam dragon bites you!
* * * LOW HITPOINT WARNING * * *
The steam dragon claws you.
* * * LOW HITPOINT WARNING * * *
You fade into invisibility!
The wight hits you from afar with a +3 trident!
You die...

...###..........# ....#....
.....#####
##.......###....##..##
#........(#....(.....##
#.....................###
#...§§.##.............#..
#.....###...#...........
#..(z##...###.....#.##..
......#zzD@...####...#..##.
..z...#.###..#####.........
.(....#...##...............
zz...[..>..................
.### ....##................
...####..............).
.... #.###............
#.... #. #......÷..... ..
#.......<..^.


You could see a steam dragon (unable to see you) and 3 wights.

Vanquished Creatures
  A water moccasin (D:5)
  An ice beast (D:5)
  2 phantoms
  A kobold brigand (D:6)
  A bullfrog (D:6)
  A scorpion (D:5)
  A gnoll sergeant (D:7)
  2 hounds
  An orc priest (D:3)
  A jelly (D:6)
  3 iguanas
  A sleepcap (D:5)
  Natasha (thrice) (D:2)
  2 orc wizards
  12 gnolls
  7 adders
  A shadow imp (D:5)
  2 white imps
  4 ufetubi (D:5)
  2 dart slugs (D:3)
  A ribbon worm (D:4)
  12 orcs
  8 endoplasms
  A giant cockroach (D:3)
  9 goblins
  8 hobgoblins
  6 quokkas
  8 ball pythons
  2 bats (D:2)
  4 frilled lizards
  8 kobolds
  4 rats
120 creatures vanquished.

Notes
Turn   | Place    | Note
-------+----------+-------------------------------------------
     0 | D:1      | hikkokomori the Coglin Hunter began the quest for the Orb.
     0 | D:1      | Reached XP level 1. HP: 16/16 MP: 1/1
   261 | D:1      | Reached XP level 2. HP: 23/23 MP: 2/2
   690 | D:1      | Found a faded altar of an unknown god.
  1005 | D:2      | Noticed Natasha
  1009 | D:2      | Reached XP level 3. HP: 28/28 MP: 3/3
  1010 | D:2      | Killed Natasha
  1034 | D:2      | Reached XP level 4. HP: 35/35 MP: 4/4
  1146 | D:2      | Noticed Natasha
  1151 | D:2      | Killed Natasha
  1354 | D:2      | Noticed Natasha
  1360 | D:2      | Killed Natasha
  1361 | D:2      | Reached XP level 5. HP: 42/42 MP: 5/5
  1447 | D:3      | Reached skill level 5 in Ranged Weapons
  2000 | D:4      | Found a shadowy altar of Dithmenos.
  2000 | D:4      | Noticed a shadow
  2134 | D:4      | Noticed a phantom
  2139 | D:4      | Killed a phantom
  2140 | D:4      | Reached XP level 6. HP: 47/49 MP: 6/6
  2412 | D:4      | Reached skill level 5 in Fighting
  2605 | D:4      | Found a hazy altar of Hepliaklqana.
  2660 | D:5      | Entered Level 5 of the Dungeon
  2662 | D:5      | Upgraded the game from 0.32-a0-705-g60f233581c to
                  | 0.32-a0-711-g016ad743e0
  2699 | D:5      | Reached XP level 7. HP: 55/56 MP: 7/7
  2763 | D:5      | Found a runed translucent door.
  2763 | D:5      | Noticed kd29's ghost (novice TrWr)
  3174 | D:5      | Identified the dragon-blood talisman of Empit {rF+}
  3316 | D:5      | Reached skill level 1 in Axes
  3758 | D:6      | Reached XP level 8. HP: 65/65 MP: 8/8
  5399 | D:7      | HP: 2/67 [steam dragon (9)]
  5400 | D:7      | Mangled by a wight

Illustrated notes

Levels and vault maps discovered:
D:1:      spicycebolla_arrival_xxxplode, layout_loops_corners,
          chequers_ecumenical_altar_twisty, due_unseen_surprise
D:2:      kennysheep_big_flooded_room, layout_rooms, uniq_natasha
D:3:      layout_rooms
D:4:      layout_gridville, riverfiend_overflow_shadow_ancestor
D:5:      corexii_shack_village, layout_basic, gammafunk_ghost_grave,
          roderic_serpentine_path, nrook_campfire
D:6:      layout_gridville, minmay_misc_feat_rows, minmay_crystal_room,
          minivault_19
D:7:      layout_cave_pools, minmay_temple_entry_offerings, corner_web_ring

Skill      XL: |  1  2  3  4  5  6  7  8 |
---------------+-------------------------+-----
Ranged Weapons | 4 5 6 7 |  7.0
Fighting       | 3 4 5 6 7 |  7.0
Axes           | 1 3 |  3.1
Dodging        | |  1.7
Stealth        | |  0.7

Action                     |  1- 3 |  4- 6 |  7- 9 || total
---------------------------+-------+-------+-------++-------
  Melee: Broad axe         |       |       |    11 ||    11
         War axe           |       |       |    10 ||    10
   Fire: Sling             |   106 |   286 |   280 ||   672
    Use: Scroll            |       |    12 |     3 ||    15
         Potion            |       |     1 |     1 ||     2
 Armour: Leather armour    |     7 |    57 |    35 ||    99
         Ring mail         |       |       |    19 ||    19
  Dodge: Dodged            |     6 |    37 |    46 ||    89

Table legend: (Time is in decaauts)
 A = Elapsed time spent in this place.
 B = Non-inter-level travel time spent in this place.
 C = Inter-level travel time spent in this place.
 D = Time resting spent in this place.
 E = Time spent auto-exploring this place.
 F = Levels seen in this place.
 G = Mean time per level.
                   A        B        C        D        E       F      G
               +--------+--------+--------+--------+--------+-----+--------+
         Total |   5477 |   5230 |    247 |    695 |   3712 |   7 |  782.4 |
       Dungeon |   5477 |   5230 |    247 |    695 |   3712 |   7 |  782.4 |
               +--------+--------+--------+--------+--------+-----+--------+

Top non-repeatable levels by time:
     D:6: 1665 daAuts
     D:5: 944 daAuts
     D:1: 883 daAuts
     D:4: 757 daAuts
     D:3: 574 daAuts
     D:2: 545 daAuts
     D:7: 106 daAuts
